 Dungeon Crawl Stone Soup version 0.28.0-53-g5a82cb258f (webtiles) character file.

Game seed: 13516732675812770188

423 buhh the Skirmisher (level 6, -6/67 HPs)
             Began as an Octopode Transmuter on June 20, 2022.
             Mangled by a kobold brigand
             ... wielding a +0 short sword
              (7 damage)
             ... on level 6 of the Dungeon.
             The game lasted 00:08:34 (5287 turns).

buhh the Skirmisher (Octopode Transmuter)           Turns: 5287, Time: 00:08:34

Health: -6/67      AC:  1    Str:  9    XL:     6   Next: 95%
Magic:  4/9        EV: 13    Int: 17    God:
Gold:   163        SH:  0    Dex: 13    Spells: 3/9 levels left

rFire   . . .      SeeInvis .     - Unarmed
rCold   . . .      Faith    .   (no shield)
rNeg    . . .      Spirit   .   (helmet restricted)
rPois   .          Reflect  .   (no amulet)
rElec   .          Harm     .   f - +4 ring of slaying
rCorr   .          Rampage  .   (no ring)
Will    .....                   (no ring)
Stlth   ..........              (no ring)
HPRegen 0.21/turn               (no ring)
MPRegen 0.11/turn               (no ring)
                                (no ring)
                                (no ring)

@: brilliant, berserking, lethally poisoned (-6 -> -15), slowed
A: almost no armour, amphibious, 8 rings, camouflage 1, gelatinous body 1,
(nimble swimmer 1), tentacles
a: no special abilities


You were on level 6 of the Dungeon.
You visited 1 branch of the dungeon, and saw 7 of its levels.

You collected 163 gold pieces.

Inventory:

Missiles
 d - 4 poisoned darts
Magical Staves
 q - a staff of fire
Jewellery
 b - an amulet of faith {!P}
 f - a +4 ring of slaying (left tentacle)
Scrolls
 t - a scroll of teleportation {!d}
 P - a scroll of magic mapping {!r!d}


   Skills:
 - Level 5.0 Fighting
 - Level 2.0 Dodging
 - Level 1.0 Stealth
 - Level 3.0 Unarmed Combat
 - Level 2.0 Spellcasting
 * Level 5.0 Transmutations


You had 3 spell levels left.
You knew the following spells:

 Your Spells              Type           Power      Damage    Failure   Level
a - Beastly Appendage     Tmut           56%        N/A       2%          1
b - Wereblood             Tmut           28%        N/A       3%          2
c - Spider Form           Tmut/Pois      15%        N/A       21%         3

Your spell library contained the following spells:

 Spells                   Type           Power      Damage    Failure   Level
 Static Discharge         Conj/Air       2%         N/A       28%         2
 Ice Form                 Ice/Tmut       15%        N/A       56%         4
 Lightning Bolt           Conj/Air       1%         1d12      99%         5
 Maxwell's Capacitive Co  Air            1%         ∞         100%        8


Dungeon Overview and Level Annotations

Branches:
Dungeon (7/15)
 Temple: D:4-7

Altars:
Trog
Uskayaw
The Shining One

Shops:
D:4 (

Annotations:
D:3 1 runed translucent door, exclusion: door, Crazy Yiuf
D:5 Dowan
D:6 exclusion: ice beast


Innate Abilities, Weirdness & Mutations

You cannot wear most types of armour.
You are amphibious.
You can wear up to eight rings at the same time.
Your skin changes colour to match your surroundings (Stealth+).
Your rubbery body absorbs attacks. (AC +1, EV +1)
((You are camouflaged when in or above water. (Stealth+)))
You have tentacles for arms and can constrict up to eight enemies at once.


Message History

As you read the scroll of fear {!r}, it crumbles to dust.
You assume a fearsome visage.
The orc warrior looks frightened!
The orc looks frightened!
The orc starts to cry.
Your transformation is almost over.
Your magical contamination has completely faded away.
You start resting.
An orc warrior is nearby!
An orc warrior is nearby!
An orc warrior is nearby!
Your transformation has ended.
A kobold brigand and a kobold come into view.
The kobold brigand is wielding a +0 short sword and quivering curare-tipped darts.
The kobold is wielding a +0 antimagic dagger.
A kobold comes into view.
It is wielding a +0 dagger and quivering poisoned darts.
The kobold brigand shouts!
The kobold shouts!
A kobold comes into view. It is wielding a +0 dagger.
The kobold shouts!
A jelly comes into view.
The kobold throws a stone.
The stone barely misses you.
The kobold throws a poisoned dart.
The poisoned dart hits you!
You are poisoned.
You feel very sick.
You feel sick.
The kobold brigand throws a curare-tipped dart.
The curare-tipped dart hits you.
You are lethally poisoned!
You have difficulty breathing.
* * * LOW HITPOINT WARNING * * *
You feel yourself slow down.
It was a potion of brilliance.
You feel clever all of a sudden.
* * * LOW HITPOINT WARNING * * *
You feel extremely sick.
It was a potion of berserk rage.
A red film seems to cover your vision as you go berserk!
You feel yourself moving faster!
You feel mighty!
* * * LOW HITPOINT WARNING * * *
You feel very sick.
The kobold brigand hits you with a +0 short sword!
You die...

##############.
#...#.K@.......
#.#.#K#########
####.#.#......#
##....#........#
#..#######...(...
####.....#
..KK...
#......#.#
J.....#
#o##.##..#
#####.. ###.##.#
#...# ##


You could see a kobold brigand and a kobold.

Vanquished Creatures
  An ogre (D:7)
  A bullfrog (D:6)
  A wyvern skeleton (D:6)
  An orc priest (D:6)
  A centaur skeleton (D:4)
  An orc wizard (D:3)
  4 adders
  2 white imps (D:6)
  A worm (D:2)
  9 orcs
  A bat (D:2)
  9 endoplasms
  4 giant cockroaches
  5 goblins
  5 hobgoblins
  7 jackals (D:3)
  7 kobolds
  4 quokkas
  4 ball pythons
  4 frilled lizards
  10 rats
82 creatures vanquished.

Notes
Turn   | Place    | Note
-------+----------+-------------------------------------------
     0 | D:1      | buhh the Octopode Transmuter began the quest for the Orb.
     0 | D:1      | Reached XP level 1. HP: 13/13 MP: 3/3
   320 | D:1      | Reached XP level 2. HP: 19/19 MP: 3/5
  1082 | D:1      | Reached XP level 3. HP: 25/25 MP: 4/6
  1196 | D:1      | Learned a level 2 spell: Wereblood
  1200 | D:1      | Learned a level 3 spell: Spider Form
  1960 | D:2      | Reached XP level 4. HP: 32/32 MP: 5/7
  2638 | D:3      | Found a glowing golden altar of the Shining One.
  2857 | D:3      | Reached XP level 5. HP: 24/38 MP: 8/8
  3155 | D:3      | Found a runed translucent door.
  3156 | D:3      | Noticed Crazy Yiuf
  3673 | D:4      | Found Xuck's Antique Weapon Shop.
  3934 | D:4      | Noticed an ogre
  3939 | D:5      | Entered Level 5 of the Dungeon
  3939 | D:5      | Noticed Dowan
  3946 | D:5      | Noticed an orc warrior
  3978 | D:6      | Noticed an orc warrior
  4320 | D:6      | Noticed an ice beast
  4432 | D:6      | Found a bloodstained altar of Trog.
  4686 | D:6      | Found a hide-covered altar of Uskayaw.
  4701 | D:6      | Reached XP level 6. HP: 34/45 MP: 9/9
  5140 | D:7      | Noticed an orc warrior
  5287 | D:6      | HP: 1/67 [poisoned by a kobold brigand (curare-tipped
                  | dart)]
  5287 | D:6      | Mangled by a kobold brigand

Illustrated notes

Levels and vault maps discovered:
D:1:      lightli_arrival_quake, layout_basic, chequers_hall_statues_wall_a,
          serial_bayou_crossing
D:2:      layout_basic
D:3:      layout_loops_ring, tso_metal_star, uniq_crazy_yiuf_cottage
D:4:      layout_basic, kiku_gazebo_pond_becter, kennysheep_orc_sif_temple,
          lemuel_crystal_altar, minmay_temple_entry_gardened_gates,
          gammafunk_ghost_icy, serial_shops, shop
D:5:      layout_cave_pods, cheibriados_altar_1, uniq_pikel, uniq_duvessa
D:6:      layout_loops_ring, nicolae_overflow_hidden_temple,
          eat_drink_and_be_merry_uskayaw, chequers_decorated_corner
D:7:      layout_rooms, xom_confusion_cloud, uniq_menkaure

Skill      XL: |  1  2  3  4  5  6 |
---------------+-------------------+-----
Stealth        | 1 |  1.0
Fighting       | 2 3 4 5 |  5.0
Transmutations | 3 5 |  5.0
Dodging        | |  2.0
Unarmed Combat | |  3.0
Spellcasting   | |  2.0

Action                   |  1- 3 |  4- 6 || total
-------------------------+-------+-------++-------
Melee: Unarmed           |    75 |    83 ||   158
       Constrict         |    26 |    22 ||    48
       Kick              |    21 |    28 ||    49
       Tentacles         |    12 |     9 ||    21
       Punch             |     2 |     1 ||     3
 Cast: Beastly Appendage |    28 |    20 ||    48
       Spider Form       |       |     2 ||     2
  Use: Scroll            |     3 |     6 ||     9
       Potion            |       |     2 ||     2
 Stab: Sleeping          |    11 |     4 ||    15
Armor: Skin              |     2 |     3 ||     5
Dodge: Dodged            |    41 |    52 ||    93
